 Dungeon Crawl Stone Soup version 0.14-a0-2091-gca92d1a (webtiles) character file.

460 Kae the Firebug (level 6, 0/32 HPs)
             Began as a Tengu Fire Elementalist on Jan 25, 2014.
             Slain by an adder (1 damage)
             ... while paralysed by a potion of paralysis
             ... on Level 5 of the Dungeon.
             The game lasted 00:05:29 (3772 turns).

Kae the Firebug (Tengu Fire Elementalist)           Turns: 3772, Time: 00:05:29

HP   0/32        AC  4     Str  9      XL: 6   Next: 19%
MP  14/14        EV  2     Int 17      God:
Gold 197         SH  0     Dex 14      Spells:  3 memorised,  5 levels left

rFire  + . .     SeeInvis .     j - +0,+1 orc mace (curse)
rCold  x . .     Clarity  .     a - +0 robe
rNeg   . . .     Conserve .     (no shield)
rPois  .         rCorr    .     (helmet restricted)
rElec  .         rRot     .     k - +1 dwarf cloak
SustAb . .       Spirit   .     (no gloves)
rMut   .         Warding  .     (boots unavailable)
Saprov . . .     Stasis   .     (no amulet)
MR     .....                    (no ring)
                                o - ring of fire

@: paralysed, not resistant to hostile enchantments, fairly stealthy
A: able to fly, beak, talons 3
a: Fly


You were on level 5 of the Dungeon.
You were hungry.

You visited 1 branch of the dungeon, and saw 5 of its levels.

You collected 197 gold pieces.

Inventory:

Hand weapons
 j - a cursed +0,+1 orcish mace (weapon)
 n - a cursed -3,+0 dagger
Armour
 a - a +0 robe (worn)
 k - a +1 dwarven cloak (worn)
Magical devices
 E - a wand of polymorph (18) {unknown}
Comestibles
 c - 4 bread rations
 m - 2 apples
 q - a cheese
 s - 2 pears
 z - a slice of pizza
 C - a meat ration
 D - a choko
Scrolls
 d - 2 scrolls of magic mapping
 h - a scroll of enchant weapon II {unknown}
 i - 2 scrolls of random uselessness {unknown}
 p - a scroll of remove curse {unknown}
 t - a scroll of fog {unknown}
 u - a scroll of enchant armour {unknown}
 v - a scroll of teleportation {unknown}
 y - a scroll of blinking {unknown}
 A - a scroll of identify {unknown}
 B - 3 scrolls of curse armour {unknown}
Jewellery
 o - a ring of fire (left hand)
Potions
 e - a potion of paralysis
 f - 2 potions of restore abilities
 g - a potion of magic {unknown}
 l - a potion of brilliance {unknown}
 r - 2 potions of agility {unknown}
 w - a potion of invisibility {unknown}
 x - a potion of poison {unknown}
Books
 b - a book of Flames

   Spells                             Type                      Level
   *Flame Tongue                      Conjuration/Fire             1
   *Throw Flame                       Conjuration/Fire             2
   *Conjure Flame                     Conjuration/Fire             3
   Inner Flame                        Hexes/Fire                   3
   Sticky Flame                       Conjuration/Fire             4
   Fireball                           Conjuration/Fire             5


   Skills:
 - Level 2.1 Dodging
 - Level 2.0 Stealth
 + Level 3.0 Spellcasting
 * Level 4.9 Conjurations
 * Level 5.4 Fire Magic


You had 5 spell levels left.
You knew the following spells:

 Your Spells              Type           Power        Failure   Level  Hunger
a - Flame Tongue          Conj/Fire      ####.        2%          1    None
b - Throw Flame           Conj/Fire      ####..       3%          2    ##.....
c - Conjure Flame         Conj/Fire      ####....     10%         3    ###....


Dungeon Overview and Level Annotations

Branches:
Dungeon (5/16)
 Temple: D:4-7

Altars:
Fedhas


Innate Abilities, Weirdness & Mutations

You can fly.
You have a beak for a mouth.
You have claws for feet.


Message History

Ouch! That really hurt!
The centaur shoots an arrow.
The arrow hits you!
* * * LOW HITPOINT WARNING * * *
You see here an arrow.
The centaur shoots an arrow.
The arrow misses you.
Drink which item? (? for menu, Esc to quit)
Okay, then.
The centaur unwields an uncursed bow.
The centaur closely misses you. The centaur barely misses you.
Drink which item? (? for menu, Esc to quit)
You can't drink that!
Drink which item? (? for menu, Esc to quit)
You feel refreshed.
It was a potion of restore abilities.
The adder closely misses you. The centaur misses you.
Drink which item? (? for menu, Esc to quit)
You suddenly lose the ability to move!
It was a potion of paralysis.
The centaur hits you.
* * * LOW HITPOINT WARNING * * *
The adder bites you.
You die...

,,,, ,, ,,,, ,,.* * * *** ,,,**
,,** +**#.,,* *, .* ** ******,,*
* * #.,** ,.....* *,,,**,,***
**#.** * .....#
,,,,**,,***_,,+.## #####.....
,,,,,,,,* *,**#..# #...#...?. , ,
,,,,* * * #..# #......... ,,,,,,
,###+###..# ###......... ,,,,,,,
.......c@#####...##......
,,,,,,,,.......S..((.((..........
,,,,,, , .............(..........
,,,, ,,,........................
,,,,,,,,,.............(..........
,,,,,,, ,,.......................
,,,,,,,,,,,......................
,,, ,,,,,,,,..................<..
***,,,,,,,,,,......#.......#.....


You could see a centaur and an adder.

Vanquished Creatures
  An ogre (D:4)
  2 iguanas (D:4)
  A halfling (D:2)
  4 adders
  An inept feature mimic (D:2)
  A worm (D:2)
  5 orcs (D:3)
  7 bats
  3 giant cockroaches
  8 goblins
  8 hobgoblins
  4 jackals (D:2)
  9 kobolds
  2 giant geckos
  2 giant newts (D:3)
  An orc skeleton (D:4)
  2 rats (D:3)
61 creatures vanquished.

Vanquished Creatures (others)
  2 halflings (D:2)
  A bush (D:2)
3 creatures vanquished.

Grand Total: 64 creatures vanquished

Notes
Turn   | Place    | Note
--------------------------------------------------------------
     0 | D:1      | Kae, the Tengu Fire Elementalist, began the quest for the Orb.
     0 | D:1      | Reached XP level 1. HP: 10/10 MP: 3/3
   339 | D:1      | Reached XP level 2. HP: 10/15 MP: 0/5
   966 | D:2      | Reached XP level 3. HP: 3/19 MP: 1/7
  1453 | D:2      | Reached skill level 4 in Fire Magic
  1983 | D:2      | Reached XP level 4. HP: 24/24 MP: 9/9
  2267 | D:3      | Learned a level 2 spell: Throw Flame
  2271 | D:3      | Learned a level 3 spell: Conjure Flame
  2489 | D:3      | Reached XP level 5. HP: 25/28 MP: 11/11
  3057 | D:4      | Reached skill level 5 in Fire Magic
  3116 | D:4      | Noticed an ogre
  3134 | D:4      | Killed an ogre
  3134 | D:4      | Reached XP level 6. HP: 32/32 MP: 2/13
  3592 | D:4      | Found a blossoming altar of Fedhas.
  3747 | D:5      | Entered Level 5 of the Dungeon
  3772 | D:5      | Paralysed by a potion of paralysis for 4 turns
  3772 | D:5      | HP: 1/32 [centaur (1)]
  3772 | D:5      | Slain by an adder

Action                   |  1- 3 |  4- 6 || total
-------------------------+-------+-------++-------
Melee: Unarmed           |     3 |       ||     3
       Mace              |    87 |    25 ||   112
 Cast: Flame Tongue      |    56 |    45 ||   101
       Conjure Flame     |       |     2 ||     2
       Throw Flame       |       |     4 ||     4
  Use: Potion            |       |     2 ||     2
       Scroll            |       |     1 ||     1
 Stab: Sleeping          |       |     1 ||     1
